Construct Section Command Post
Construct Field Infirmary
Construct Platoon Command Post
Selects Air and Sea Battlegroup
Selects Centaur Medium Tank
6-pounder Anti-tank Gun Team
Selects Naval Bombardment
6-pounder Anti-tank Gun Team
Construct Company Command Post
Selects Commando Section Paradrop
Selects Commando LMG Section Paradrop
Commando LMG Section Paradrop
Selects Anti-tank Rocket Loiter